 Dungeon Crawl Stone Soup version 0.29.1-1-gd02db6906a (webtiles) character file.

Game seed: 583317561014847885

39 Badistic the Trooper (level 3, -6/34 HPs)
             Began as a Minotaur Berserker on Sept 30, 2022.
             Was a Follower of Trog.
             Mangled by a gnoll
             ... wielding a +0 halberd
              (7 damage)
             ... on level 2 of the Dungeon.
             The game lasted 00:04:16 (978 turns).

Badistic the Trooper (Minotaur Berserker)            Turns: 978, Time: 00:04:17

Health: -6/34      AC:  7    Str: 23    XL:     3   Next: 26%
Magic:  2/2        EV: 10    Int:  4    God:    Trog [*.....]
Gold:   87         SH:  0    Dex:  9    Spells: 2/2 levels left

rFire   . . .      SeeInvis .   a - +0 hand axe
rCold   . . .      Faith    .   (no shield)
rNeg    . . .      Spirit   .   c - +0 scale mail
rPois   .          Reflect  .   (helmet restricted)
rElec   .          Harm     .   (no cloak)
rCorr   .          Rampage  .   (no gloves)
Will    .....                   e - +0 pair of boots
Stlth   ..........              (no amulet)
HPRegen 0.11/turn               (no ring)
MPRegen 0.08/turn               (no ring)

@: no status effects
A: horns 2, retaliatory headbutt
a: Renounce Religion, Berserk


You were on level 2 of the Dungeon.
You worshipped Trog.
Trog was aware of your devotion.
You visited 1 branch of the dungeon, and saw 2 of its levels.

You collected 87 gold pieces.

Inventory:

Hand Weapons
 a - a +0 hand axe (weapon)
Armour
 c - a +0 scale mail (worn)
 e - a +0 pair of boots (worn)
Jewellery
 f - a +6 ring of strength
Wands
 h - a wand of roots (8)
Scrolls
 b - a scroll of acquirement {unknown}
Potions
 d - a potion of might {unknown}
 g - a potion of mutation {unknown}


   Skills:
 + Level 4.3 Fighting
 + Level 4.3 Axes
 + Level 2.9 Armour
 + Level 2.4 Dodging


You had 2 spell levels left.
You didn't know any spells.
Your spell library was empty.

Dungeon Overview and Level Annotations

Branches:
Dungeon (2/15)

Altars:
Yredelemnul


Innate Abilities, Weirdness & Mutations

You have a pair of horns on your head.
You reflexively headbutt those who attack you in melee.


Message History

Found an escape hatch in the ceiling.
No target in view!
Found an escape hatch in the floor.
g - a smoky silvery potion
There is an escape hatch in the ceiling here.
h - a wand of roots (8)
Found 7 stones.
Found a basalt altar of Yredelemnul. 3 gnolls come into view.
The gnoll shouts! x3
Found a ring mail.
A jackal comes into view.
You see here 7 stones.
The jackal barks!
You hear a bark!
A jackal comes into view.
The gnoll hits you with a +0 halberd.
You closely miss the gnoll. You barely miss the gnoll.
The jackal barks!
A jackal comes into view.
The gnoll hits you but does no damage. The gnoll hits you with a +0 halberd.
The gnoll hits you with a +0 whip!
You are too injured to fight recklessly!
You are too injured to fight recklessly!
The gnoll closely misses you. The gnoll misses you.
You see here 7 stones.
The gnoll attacks as you move away! The gnoll hits you but does no damage.
The gnoll hits you with a +0 whip!
* * * LOW HITPOINT WARNING * * *
The gnoll closely misses you.
You are too injured to fight recklessly!
You are too injured to fight recklessly!
The jackal misses you. You furiously retaliate!
You headbutt the jackal!
You kill the jackal!
Trog accepts your kill. The gnoll barely misses you.
The gnoll hits you with a +0 halberd!
* * * LOW HITPOINT WARNING * * *
You hit the gnoll.
The gnoll is lightly wounded.
The gnoll hits you with a +0 halberd!
You die...

..############
.............. #
##.....#### .#
######....# #.#
# ####.#####
##..# #.....#
...### #####.###
.....#
#...###.....#
###.@gh.....#
########hg....#
...
#....gg(......#
###
.....h.h#......#
.##.......#....#
#.._.[#.#....#
#...?...###### #
#......## ##
####..#


You could see 2 gnolls and 2 jackals.

Vanquished Creatures
  An adder (D:2)
  A ball python (D:1)
  2 endoplasms
  2 giant cockroaches
  3 goblins (D:1)
  2 hobgoblins
  4 jackals
  2 quokkas (D:1)
  3 bats
  3 frilled lizards (D:1)
  4 rats (D:1)
27 creatures vanquished.

Notes
Turn   | Place    | Note
-------+----------+-------------------------------------------
     0 | D:1      | Badistic the Minotaur Berserker began the quest for the
                  | Orb.
     0 | D:1      | Reached XP level 1. HP: 19/19 MP: 0/0
   313 | D:1      | Reached XP level 2. HP: 27/27 MP: 1/1
   733 | D:2      | Reached XP level 3. HP: 21/34 MP: 2/2
   963 | D:2      | Found a basalt altar of Yredelemnul.
   977 | D:2      | HP: 1/34 [gnoll/+0 halberd (10)]
   978 | D:2      | Mangled by a gnoll

Illustrated notes

Levels and vault maps discovered:
D:1:      nzn_arrival_crosshair, layout_basic
D:2:      layout_rooms, basic_altar

Skill      XL: |  1  2 |
---------------+-------+-----
Axes           | 4 |  4.3
Fighting       | 4 |  4.3
Armour         | |  2.9
Dodging        | |  2.4

Action                   || total
-------------------------++-------
Melee: Hand axe          ||    70
       Headbutt          ||     5
  Use: Scroll            ||     1
Armor: Scale mail        ||    42
Dodge: Dodged            ||    42
